 Dungeon Crawl Stone Soup version 0.25.1-2-g60ff931df9 (webtiles) character file.

Game seed: 10778992900633150295

6995 snilloc10 the Nimble (level 11, 0/108 HPs)
             Began as a Halfling Fighter on Dec 8, 2020.
             Succumbed to a killer bee's poison
             ... on level 10 of the Dungeon.
             The game lasted 00:35:12 (8387 turns).

snilloc10 the Nimble (Halfling Fighter)             Turns: 8387, Time: 00:35:13

Health: 0/108      AC: 25    Str: 20    XL:     11   Next: 29%
Magic:  11/11      EV:  3    Int:  6    God:
Gold:   478        SH: 12    Dex: 15    Spells: 10/10 levels left

rFire    + . .     SeeInvis .   v - +4 short sword (venom)
rCold    . . .     Gourm    .   c - +0 kite shield
rNeg     + + +     Faith    .   (armour currently unavailable)
rPois    +         Spirit   .   (helmet currently unavailable)
rElec    .         Reflect  .   (cloak currently unavailable)
rCorr    .         Harm     .   (gloves currently unavailable)
MR       .....     NoTele   +   (boots currently unavailable)
Stlth    +.........             (no amulet)
HPRegen  0.28/turn              z - ring of protection from fire
MPRegen  0.12/turn              o - ring of flight

@: lethally poisoned (0 -> -10), tree-form, hasted, very quick
A: small, mutation resistance 1
a: no special abilities


You were on level 10 of the Dungeon.
You were not hungry.
You were a tree.
You visited 1 branch of the dungeon, and saw 10 of its levels.

You collected 478 gold pieces.

Inventory:

Hand Weapons
 a - a +1 rapier
 v - a +4 short sword of venom (weapon)
Armour
 c - a +0 kite shield (worn)
 q - a +0 cloak (melded)
 x - a +1 plate armour (melded)
 F - a +0 helmet (melded)
Jewellery
 o - a ring of flight (right branch)
 z - a ring of protection from fire (left branch)
 A - an uncursed ring of fire
Wands
 d - a wand of flame (30)
 D - a wand of digging (8)
 E - a wand of paralysis (4)
 J - a wand of iceblast (9)
Scrolls
 p - a scroll of teleportation
 w - a scroll of noise {unknown}
 G - a scroll of magic mapping {unknown}
Potions
 e - 3 potions of stabbing
 g - a potion of mutation {unknown}
 h - a potion of resistance
 i - 2 potions of degeneration
 l - 3 potions of flight
 n - a potion of lignification
 s - a potion of ambrosia {unknown}
 t - a potion of brilliance {unknown}
 u - 2 potions of cancellation
 B - a potion of invisibility {unknown}
 C - 2 potions of berserk rage {unknown}
 I - a potion of magic {unknown}
Comestibles
 f - 9 rations


   Skills:
 + Level 6.2 Fighting
 + Level 9.2 Short Blades
 + Level 8.8 Armour
 + Level 9.4 Dodging
 + Level 8.9 Shields


You had 10 spell levels left.
You didn't know any spells.
Your spell library contained the following spells:

 Spells                   Type           Power        Failure   Level  Hunger
 Corona                   Hex            #......      83%         1    ##.....
 Slow                     Hex            #.......     92%         2    ###....
 Inner Flame              Hex/Fire       #.......     99%         3    ####...
 Portal Projectile        Hex/Tloc       #.....       99%         3    ####...
 Cause Fear               Hex            #.........   100%        4    #####..
 Leda's Liquefaction      Hex/Erth       #.........   100%        4    #####..


Dungeon Overview and Level Annotations

Branches:
Dungeon (10/15)            Temple (0/1) D:7
   Lair: D:8-11         Orc: D:9-12

Altars:
Dithmenos
Elyvilon
Gozag
Kikubaaqudgha
Qazlal
Ru
Trog
Uskayaw
Vehumet
Wu Jian
Xom
Yredelemnul

Annotations:
D:5 3 runed translucent doors, gbos's ghost, amateur NaFi


Innate Abilities, Weirdness & Mutations

You are small and have problems with some larger weapons.
You are somewhat resistant to further mutation.


Message History

You hit the killer bee but do no damage.
The killer bee is poisoned.
The killer bee is heavily wounded.
The killer bee stings you.
* * * LOW HITPOINT WARNING * * *
You are more poisoned.
The killer bee poisons you!
You barely miss the killer bee.
The killer bee is heavily wounded.
* * * LOW HITPOINT WARNING * * *
You feel sick.
The killer bee stings you but does no damage. x2
You hit the killer bee but do no damage.
The killer bee looks as sick as possible!
The killer bee is severely wounded.
* * * LOW HITPOINT WARNING * * *
You feel sick.
You hit the killer bee.
You kill the killer bee!
You die...

###
##<##
#...#
#†††#
#.y.#
##.##
#♣#
#...#
...⌠.+
..##...#
## ##.##
... #..
...


You could see a killer bee.

Vanquished Creatures
  A two-headed ogre (D:9)
  An ugly thing (D:10)
  Joseph (D:8)
  2 gargoyles
  A troll (D:9)
  A hippogriff (D:9)
  6 yaks (D:9)
  A hungry ghost (D:8)
  3 black bears
  2 orc warriors
  A sky beast (D:9)
  A phantom (D:7)
  An ice beast (D:7)
  A necrophage (D:7)
  A centaur (D:5)
  5 ogres
  5 bullfrogs
  4 scorpions
  15 killer bees
  2 jellies (D:9)
  5 crimson imps
  A centaur zombie (D:9)
  A centaur skeleton (D:7)
  2 hounds
  2 orc priests
  A bullfrog skeleton (D:5)
  Natasha (D:2)
  3 iguanas
  8 orc wizards
  7 worker ants
  A hound zombie (D:5)
  A worker ant zombie (D:5)
  3 gnolls (D:6)
  11 adders
  4 shadow imps
  An ooze (D:2)
  An adder skeleton (D:4)
  3 worms (D:2)
  2 dart slugs
  4 leopard geckos
  25 orcs
  4 bats
  6 giant cockroaches
  12 goblins
  6 hobgoblins
  4 jackals (D:4)
  3 quokkas
  A ball python (D:2)
  3 frilled lizards
  A jackal skeleton (D:4)
  4 kobolds
  A leopard gecko zombie (D:6)
  A quokka skeleton (D:4)
  4 rats
192 creatures vanquished.

Notes
Turn   | Place    | Note
-------+----------+-------------------------------------------
     0 | D:1      | snilloc10 the Halfling Fighter began the quest for the Orb.
     0 | D:1      | Reached XP level 1. HP: 15/15 MP: 1/1
   199 | D:1      | Reached XP level 2. HP: 20/20 MP: 2/2
   563 | D:1      | Reached XP level 3. HP: 25/25 MP: 3/3
  1112 | D:2      | Reached XP level 4. HP: 23/30 MP: 4/4
  1324 | D:2      | Reached skill level 5 in Short Blades
  1471 | D:2      | Noticed Natasha
  1475 | D:2      | Killed Natasha
  1614 | D:2      | Reached XP level 5. HP: 27/36 MP: 5/5
  2190 | D:3      | You fall into a shaft and drop 1 floor!
  2785 | D:4      | Reached XP level 6. HP: 41/41 MP: 6/6
  2830 | D:5      | Entered Level 5 of the Dungeon
  3164 | D:5      | Reached XP level 7. HP: 43/45 MP: 7/7
  3370 | D:5      | Found a bloodstained altar of Trog.
  3419 | D:5      | Reached skill level 1 in Dodging
  3496 | D:5      | Found a runed translucent gate.
  3496 | D:5      | Found a runed translucent gate.
  3497 | D:5      | Found a runed translucent gate.
  3498 | D:5      | Noticed gbos's ghost (amateur NaFi)
  3860 | D:6      | Reached XP level 8. HP: 42/51 MP: 8/8
  4124 | D:6      | Reached skill level 5 in Armour
  4124 | D:6      | Reached skill level 5 in Dodging
  4124 | D:6      | Reached skill level 5 in Shields
  4633 | D:6      | Reached XP level 9. HP: 52/55 MP: 9/9
  5019 | D:7      | Found a staircase to the Ecumenical Temple.
  5094 | D:7      | Noticed a gargoyle
  5134 | D:7      | Killed a gargoyle
  5798 | D:7      | Found an ancient bone altar of Kikubaaqudgha.
  5805 | D:7      | Found a radiant altar of Vehumet.
  5810 | D:7      | Found an ornate altar of the Wu Jian Council.
  5817 | D:7      | Found a shadowy altar of Dithmenos.
  5822 | D:7      | Found an opulent altar of Gozag.
  5829 | D:7      | Found a shimmering altar of Xom.
  5834 | D:7      | Found a basalt altar of Yredelemnul.
  5966 | D:8      | Reached XP level 10. HP: 51/62 MP: 10/10
  6364 | D:8      | Found a hide-covered altar of Uskayaw.
  6380 | D:8      | Noticed Joseph
  6395 | D:8      | Killed Joseph
  6540 | D:8      | Found a white marble altar of Elyvilon.
  6833 | D:9      | Noticed a gargoyle
  6856 | D:9      | Killed a gargoyle
  7275 | D:9      | Found a stormy altar of Qazlal.
  7448 | D:9      | Reached skill level 5 in Fighting
  7755 | D:9      | Reached XP level 11. HP: 53/72 MP: 11/11
  7885 | D:9      | Noticed a two-headed ogre
  7900 | D:9      | Killed a two-headed ogre
  8280 | D:9      | Found a sacrificial altar of Ru.
  8349 | D:10     | Entered Level 10 of the Dungeon
  8349 | D:10     | Noticed a red ugly thing
  8370 | D:10     | Killed a red ugly thing
  8379 | D:10     | HP: 3/72 [poisoned by a killer bee]
  8384 | D:10     | HP: 3/108 [killer bee (1)]
  8386 | D:10     | HP: 1/108 [poisoned by a killer bee]
  8387 | D:10     | Succumbed to a killer bee's poison

Illustrated notes

Levels and vault maps discovered:
D:1:      tarquinn_simple_flora_water_f, layout_basic
D:2:      kennysheep_six_static_rooms, layout_loops_ring, first_ration,
          serial_bayou_pond_d, serial_bayou_pond_e, uniq_natasha
D:3:      layout_loops_corners, lemuel_crystal_altar
D:4:      layout_basic
D:5:      layout_basic, bloody_trog, gammafunk_ghost_necromancy
D:6:      hangedman_cross_stitches, layout_loops_ring
D:7:      layout_cave_pools, grunt_temple_overflow_octagram, temple_statues,
          chequers_ossuary_entry_cave, grunt_potential
D:8:      layout_loops_ring, kennysheep_mini, overflow_temple_1_default,
          uniq_joseph
D:9:      layout_roguey, nicolae_ru_the_path_less_chosen, grunt_qazlal_sundering
D:10:     minmay_the_grid_3x2 [minmay_the_grid_x, minmay_the_grid_tree,
          minmay_the_grid_holed_spiral, minmay_the_grid_zigzag_pyramid,
          minmay_the_grid_slots, minmay_the_grid_prize_big_room],
          layout_irregular_city, dpeg_lair_monsters,
          ebering_ghost_disaster_area, hangedman_pestilent_swarm,
          hangedman_decor_clover_reticule, hangedman_decor_push,
          grunt_ministairs_5

Skill      XL: |  1  2  3  4  5  6  7  8  9 10 11 |
---------------+----------------------------------+-----
Short Blades   | 3 4 5 6 8 9 |  9.2
Dodging        | 2 5 8 9 |  9.4
Armour         | 5 6 8 |  8.8
Shields        | 5 6 8 |  8.9
Fighting       | 5 6 |  6.2

Action                   |  1- 3 |  4- 6 |  7- 9 | 10-12 || total
-------------------------+-------+-------+-------+-------++-------
Melee: Rapier            |   104 |   104 |       |       ||   208
       Short sword       |       |    74 |   336 |   306 ||   716
 Abil: Evoke Flight      |       |       |       |     2 ||     2
Evoke: Wand              |       |       |       |     5 ||     5
  Use: Scroll            |     1 |     5 |    15 |     5 ||    26
       Potion            |       |       |     2 |     9 ||    11
  Eat: Chunk             |     1 |     6 |     9 |     5 ||    21
       Ration            |       |       |       |     2 ||     2
Armor: Scale mail        |    43 |    48 |       |       ||    91
       Plate armour      |       |     4 |   128 |   130 ||   262
       Skin              |       |       |       |     2 ||     2
Dodge: Dodged            |    35 |    50 |    78 |   151 ||   314
Block: Kite shield       |    45 |    74 |   137 |   163 ||   419
